 Dungeon Crawl Stone Soup version 0.22-a0-479-gc6e99f3 (webtiles) character file.

1645 stealthycow the Cleaver (level 8, 0/71 HPs)
             Began as a Minotaur Fighter on June 14, 2018.
             Was an Initiate of Makhleb.
             Slain by an orc warrior
             ... wielding a +0 dire flail
              (17 damage)
             ... on level 7 of the Dungeon.
             The game lasted 00:15:24 (5817 turns).

stealthycow the Cleaver (Minotaur Fighter)          Turns: 5817, Time: 00:15:25

Health: 0/71       AC: 11    Str: 23    XL:     8   Next: 67%
Magic:  7/7        EV:  6    Int:  5    God:    Makhleb [......]
Gold:   361        SH: 10    Dex: 10    Spells: 7/7 levels left

rFire    . . .     SeeInvis .   a - +0 war axe
rCold    . . .     Gourm    .   c - +0 shield
rNeg     . . .     Faith    .   n - +0 chain mail
rPois    .         Spirit   .   (helmet restricted)
rElec    .         Reflect  .   (no cloak)
rCorr    .         Harm     .   g - +0 pair of gloves
MR       .....                  (no boots)
Stlth    ..........             (no amulet)
HPRegen  0.21/turn              (no ring)
MPRegen  0.10/turn              (no ring)

@: drained
A: retaliatory headbutt, horns 2
a: Renounce Religion


You were on level 7 of the Dungeon.
You worshipped Makhleb.
Makhleb was noncommittal.
You were not hungry.

You visited 2 branches of the dungeon, and saw 8 of its levels.

You collected 361 gold pieces.

Inventory:

Hand Weapons
 a - a +0 war axe (weapon)
 E - a +3 mace
Missiles
 q - 2 tomahawks (quivered)
Armour
 c - a +0 shield (worn)
 g - a +0 pair of gloves (worn)
 n - a +0 chain mail (worn)
 B - a +0 scale mail of cold resistance
Jewellery
 u - an uncursed ring of ice
Wands
 x - a wand of clouds (3)
Scrolls
 b - a scroll of amnesia
 i - 3 scrolls of identify
 j - 2 scrolls of remove curse
 k - 3 scrolls of noise {unknown}
 y - a scroll of enchant armour {unknown}
 A - a scroll of blinking {unknown}
Potions
 d - 4 potions of might
 e - 2 potions of magic
 h - 2 potions of mutation {unknown}
 l - 3 potions of degeneration {unknown}
 m - a potion of brilliance {unknown}
 o - 2 potions of lignification {unknown}
 p - a potion of cancellation {unknown}
 r - a potion of flight {unknown}
 s - a potion of curing {unknown}
 t - 3 potions of resistance {unknown}
 v - a potion of haste {unknown}
 z - 2 potions of heal wounds {unknown}
Comestibles
 f - 16 rations


   Skills:
 + Level 6.9 Fighting
 * Level 8.7 Axes
 + Level 6.9(6.8) Armour
 + Level 6.9 Shields


You had 7 spell levels left.
You didn't know any spells.
Your spell library contained the following spells:

 Spells                   Type           Power        Failure   Level  Hunger
 Confuse                  Hex            #.......     100%        3    ####...
 Confusing Touch          Hex            #.....       100%        1    ##.....
 Metabolic Englaciation   Hex/Ice        #.........   100%        5    ######.
 Petrify                  Tmut/Erth      #.......     100%        4    #####..
 Gell's Gravitas          Tloc           #.........   100%        3    ####...
 Yara's Violent Unravell  Hex/Tmut       #.........   100%        5    ######.


Dungeon Overview and Level Annotations

Branches:
Dungeon (7/15)             Temple (1/1) D:5

Altars:
Dithmenos
Fedhas
Gozag
Makhleb
Nemelex Xobeh
Qazlal
Sif Muna
Uskayaw
Xom
Yredelemnul
Zin
The Shining One


Innate Abilities, Weirdness & Mutations

You reflexively headbutt those who attack you in melee.
You have a pair of horns on your head.


Message History

You headbutt the orc warrior, but do no damage.
The orc warrior is severely wounded.
You block the orc warrior's attack.
You completely miss the orc warrior.
The orc warrior is severely wounded.
The orc warrior hits you but does no damage.
You barely miss the orc warrior. Your headbutt misses the orc warrior.
The orc warrior is severely wounded.
You block the orc warrior's attack.
You closely miss the orc warrior.
The orc warrior is severely wounded.
The orc warrior barely misses you.
You hit the orc warrior.
The orc warrior is almost dead.
The orc warrior hits you with a dire flail.
* * * LOW HITPOINT WARNING * * *
You closely miss the orc warrior. Your headbutt misses the orc warrior.
The orc warrior is almost dead.
The orc warrior hits you with a dire flail!
You die...

#.........)#.#.......
#.####+###.#.#.......
#.# #....<#.#.....#
#.# #######.#.....##
#.. .......>....<...
############.#.##.###
#..........(#.#
#......####o#.#
#......'...@).##..#
#......####(........
#.........######..#.
####...)..# .#
#......# #......#
#......# #......#
#......#


You could see an orc warrior.

Vanquished Creatures
  An orc warrior (D:6)
  A hornet zombie (D:5)
  2 phantoms
  2 ogres
  2 centaurs (D:5)
  A scorpion (D:5)
  7 wights (D:6)
  A howler monkey (D:5)
  A centaur skeleton (D:4)
  2 jellies
  An orc priest (D:7)
  2 hounds
  An orc wizard (D:5)
  5 worker ants
  2 worker ant zombies
  A howler monkey skeleton (D:6)
  7 adders
  A shadow imp (D:6)
  2 oozes
  An adder skeleton (D:4)
  A worm (D:2)
  A dart slug (D:1)
  4 leopard geckos
  16 orcs
  9 bats
  5 giant cockroaches
  10 goblins
  11 hobgoblins
  10 jackals
  8 quokkas
  10 frilled lizards
  6 kobolds
  12 rats
146 creatures vanquished.

Notes
Turn   | Place    | Note
-------+----------+-------------------------------------------
     0 | D:1      | stealthycow the Minotaur Fighter began the quest for the Orb.
     0 | D:1      | Reached XP level 1. HP: 19/19 MP: 0/0
   270 | D:1      | Reached XP level 2. HP: 27/27 MP: 1/1
   272 | D:1      | Reached skill level 3 in Axes
   648 | D:1      | Reached XP level 3. HP: 33/33 MP: 2/2
  1055 | D:2      | Reached XP level 4. HP: 31/40 MP: 3/3
  1472 | D:2      | Reached skill level 4 in Axes
  1684 | D:3      | Reached XP level 5. HP: 38/47 MP: 4/4
  1883 | D:3      | Noticed a phantom
  1913 | D:3      | Killed a phantom
  1913 | D:3      | Reached skill level 5 in Axes
  2232 | D:3      | Reached XP level 6. HP: 55/55 MP: 5/5
  2494 | D:4      | Found a basalt altar of Yredelemnul.
  2497 | D:4      | Found a blossoming altar of Fedhas.
  2525 | D:4      | Found a glowing silver altar of Zin.
  2530 | D:4      | Reached skill level 5 in Fighting
  2530 | D:4      | Reached skill level 5 in Armour
  2551 | D:4      | Reached skill level 5 in Shields
  2824 | D:4      | Found a deep blue altar of Sif Muna.
  3100 | D:5      | Entered Level 5 of the Dungeon
  3137 | D:5      | Reached skill level 6 in Axes
  3137 | D:5      | Reached XP level 7. HP: 43/61 MP: 6/6
  3659 | D:5      | Reached skill level 7 in Axes
  3855 | D:5      | Found a staircase to the Ecumenical Temple.
  3885 | Temple   | Entered the Ecumenical Temple
  3922 | Temple   | Became a worshipper of Makhleb the Destroyer
  4186 | D:6      | Reached XP level 8. HP: 70/70 MP: 7/7
  5087 | D:6      | Reached skill level 8 in Axes
  5817 | D:7      | Slain by an orc warrior

Vault maps used:
D:1:      onia_arrival_larder
D:2:      cheibrodos_greedy_goblins
D:3:      first_ration
D:4:      wad_pebble_path, nicolae_overflow_hidden_temple
D:5:      minmay_temple_entry_glass
Temple:   regret_index_temple_sphere_string

Skill      XL: |  1  2  3  4  5  6  7  8 |
---------------+-------------------------+-----
Axes           | 3 4 5 6 7 8 |  8.7
Fighting       | 4 5 6 |  6.9
Shields        | 4 5 6 |  6.9
Armour         | 4 5 6 |  6.9

Action                   |  1- 3 |  4- 6 |  7- 9 || total
-------------------------+-------+-------+-------++-------
Melee: War axe           |   105 |   161 |   116 ||   382
       Headbutt          |    11 |    23 |    31 ||    65
       Mace              |       |       |    23 ||    23
Throw: Tomahawk          |       |     3 |     5 ||     8
  Use: Scroll            |       |     3 |     1 ||     4
  Eat: Chunk             |     1 |     7 |     5 ||    13
       Ration            |       |       |     1 ||     1
Armor: Scale mail        |    29 |       |       ||    29
       Chain mail        |    19 |    81 |    51 ||   151
Dodge: Dodged            |    31 |    32 |    35 ||    98
Block: Shield            |    59 |    98 |    71 ||   228

Table legend:
 A = Spawn XP
 B = Non-spawn XP
 C = Spawn XP percentage of total XP
 D = Spawn monster count
 E = Non-spawn monster count
 F = Spawn count percentage of total count
 G = Total turns spent on level
                    A         B        C        D         E        F      G
               +---------+---------+-------+---------+---------+-------+---------
         Total |       0 |    2351 |   0.0 |       0 |     146 |   0.0 |  5817
               +---------+---------+-------+---------+---------+-------+---------
           D:1 |       0 |      57 |   0.0 |       0 |      34 |   0.0 |   932
           D:2 |       0 |     101 |   0.0 |       0 |      27 |   0.0 |   724
           D:3 |       0 |     222 |   0.0 |       0 |      30 |   0.0 |   664
           D:4 |       0 |     279 |   0.0 |       0 |      14 |   0.0 |   913
           D:5 |       0 |     759 |   0.0 |       0 |      18 |   0.0 |   880
           D:6 |       0 |     605 |   0.0 |       0 |      17 |   0.0 |  1305
           D:7 |       0 |     328 |   0.0 |       0 |       6 |   0.0 |   333
               +---------+---------+-------+---------+---------+-------+---------
